 Dungeon Crawl Stone Soup version 0.32-a0-35-gd9ff480968 (webtiles) character file.

Game seed: 16949557598625233316

21 Morbidden the Gusty (level 2, -4/15 HPs)
             Began as a Tengu Air Elementalist on Jan 23, 2024.
             Slain by a gnoll
             ... wielding a +0 flail
              (11 damage)
             ... on level 2 of the Dungeon.
             The game lasted 00:01:23 (870 turns).

Morbidden the Gusty (Tengu Air Elementalist)         Turns: 870, Time: 00:01:23

Health: -4/15      AC:  2    Str:  8    XL:     2   Next: 87%
Magic:  6/6        EV: 12    Int: 15    God:
Gold:   35         SH:  0    Dex: 14    Spells: 4/5 levels left

rFire   . . .        a - +0 short sword
rCold   . . .        (no shield)
rNeg    . . .        e - +0 robe
rPois   .            (helmet restricted)
rElec   .            g - scarf {repulsion}
rCorr   .            (no gloves)
SInv    .            (boots unavailable)
Will    .....        (no amulet)
Stlth   ++           (no ring)
HPRegen 0.22/turn    (no ring)
MPRegen 0.10/turn

%: repel missiles, acrobat
@: no status effects
A: beak, talons 3, acrobatic
a: no special abilities


You were on level 2 of the Dungeon.
You visited 1 branch of the dungeon, and saw 2 of its levels.

You collected 35 gold pieces.

Inventory:

Hand Weapons
 a - a +0 short sword (weapon)
Armour
 e - a +0 robe (worn)
 g - a scarf of repulsion (worn)
Scrolls
 c - 2 scrolls of teleportation {unknown}
 f - a scroll of torment {unknown}
Potions
 b - a potion of magic
 d - a potion of enlightenment {unknown}


   Skills:
 * Level 0.1 Fighting
 * Level 0.5 Short Blades
 * Level 0.1 Armour
 * Level 2.2 Dodging
 + Level 2.1 Stealth
 * Level 2.2 Spellcasting
 * Level 1.4 Conjurations
 * Level 4.6 Air Magic


You had 4 spell levels left.
You knew the following spells:

 Your Spells              Type           Power      Damage    Failure   Level
a - Shock                 Conj/Air       40%        1d5       6%          1

Your spell library contained the following spells:

 Spells                   Type           Power      Damage    Failure   Level
 Static Discharge         Conj/Air       20%        3-4/arc   10%         2
 Swiftness                Air            15%        N/A       10%         3
 Momentum Strike          Conj/Tloc      6%         3d8       24%         2
 Blink                    Tloc           2%         N/A       32%         2
 Lesser Beckoning         Tloc           2%         N/A       32%         2
 Airstrike                Air            7%         2d(2-18)  32%         4
 Gell's Gravitas          Tloc           1%         N/A       54%         3
 Teleport Other           Tloc           1%         N/A       54%         3


Dungeon Overview and Level Annotations

Branches:
Dungeon (2/15)

Altars:

Shops:
D:1 :


Innate Abilities, Weirdness & Mutations

You have a beak for a mouth.
You have claws for feet.
You can magically evade attacks while moving or waiting.


Message History

There are monsters nearby!
There are monsters nearby!
Casting: Shock (safe; 6% risk of failure)
Confirm with . or Enter, or press ? or * to list all spells.
Aiming: Shock (safe; 6% risk of failure)
Press: ? - help, Shift-Dir - straight line The zap hits the gnoll.
The gnoll is moderately wounded.
The zap hits the gnoll.
The gnoll is heavily wounded.
The gnoll completely misses you. The gnoll attacks as it pursues you!
The gnoll completely misses you.
Casting: Shock (safe; 6% risk of failure)
Confirm with . or Enter, or press ? or * to list all spells.
You don't know that spell.
Sorry, you're not good enough to have a special ability.
You hit the gnoll but do no damage.
The gnoll is heavily wounded.
The gnoll hits you with a +0 flail.
Unknown command.
You barely miss the gnoll.
The gnoll is heavily wounded.
The gnoll misses you.
You hit the gnoll but do no damage. Your peck misses the gnoll.
The gnoll is heavily wounded.
The gnoll hits you with a +0 flail!
Ouch! That really hurt!
Unknown command.
Casting: Shock (safe; 6% risk of failure)
Confirm with . or Enter, or press ? or * to list all spells.
Aiming: Shock (safe; 6% risk of failure)
Press: ? - help, Shift-Dir - straight line
Okay, then.
Unknown command.
The gnoll completely misses you. The gnoll attacks as it pursues you!
The gnoll hits you with a +0 flail.
There is a stone staircase leading up here.
The gnoll hits you with a +0 flail!
Ouch! That really hurt!
You die...

###+#####
#.......#
#.......#
#..@....#
#..g....#
#..g)...#
#..g....#
#.......#
#.......#
#.......#
###.#####
#.#


You could see 3 gnolls.

Vanquished Creatures
  A gnoll (D:2)
  2 ball pythons (D:1)
  A goblin (D:1)
  2 jackals (D:1)
  A quokka (D:1)
  2 bats (D:1)
  A kobold (D:1)
  A rat (D:1)
11 creatures vanquished.

Notes
Turn   | Place    | Note
-------+----------+-------------------------------------------
     0 | D:1      | Morbidden the Tengu Air Elementalist began the quest for
                  | the Orb.
     0 | D:1      | Reached XP level 1. HP: 10/10 MP: 4/4
   409 | D:1      | Reached XP level 2. HP: 14/15 MP: 6/6
   545 | D:1      | Found Ekaickug's Book Shop.
   870 | D:2      | Slain by a gnoll

Illustrated notes

Levels and vault maps discovered:
D:1:      lightli_arrival_quake, layout_loops_ring, serial_shops, shop
D:2:      layout_basic, basic_altar, minmay_distorted

Action                     || total
---------------------------++-------
  Melee: Short sword       ||    18
         Kick              ||     4
         Peck              ||     2
         Unarmed           ||     1
   Cast: Shock             ||    20
 Armour: Robe              ||    11
  Dodge: Dodged            ||    20

Table legend: (Time is in decaauts)
 A = Elapsed time spent in this place.
 B = Non-inter-level travel time spent in this place.
 C = Inter-level travel time spent in this place.
 D = Time resting spent in this place.
 E = Time spent auto-exploring this place.
 F = Levels seen in this place.
 G = Mean time per level.
                   A        B        C        D        E       F      G
               +--------+--------+--------+--------+--------+-----+--------+
         Total |    868 |    867 |      1 |      0 |    769 |   2 |  434.0 |
       Dungeon |    868 |    867 |      1 |      0 |    769 |   2 |  434.0 |
               +--------+--------+--------+--------+--------+-----+--------+

Top non-repeatable levels by time:
     D:1: 791 daAuts
     D:2: 77 daAuts
